 Dungeon Crawl Stone Soup version 0.19-a0-739-gf2af308 (webtiles) character file.

420 TheGoonsmith the Chiller (level 6, -5/36 HPs)
             Began as a Merfolk Ice Elementalist on June 23, 2016.
             Killed from afar by an adder (32 damage)
             ... with an exploding inner flame
             ... hexed by the player character
             ... on level 5 of the Dungeon.
             The game lasted 00:10:33 (4529 turns).

TheGoonsmith the Chiller (Merfolk Ice Elementalist) Turns: 4529, Time: 00:10:34

Health: -5/36      AC:  7    Str: 10    XL:     6   Next: 94%
Magic:  8/11       EV: 21    Int: 17    God:
Gold:   186        SH:  0    Dex: 19    Spells: 3 memorised, 3 levels left

rFire  . . .     SeeInvis .     C - +1 trident
rCold  . . .     Gourm    .     a - +2 robe
rNeg   . . .     Faith    .     (no shield)
rPois  .         Spirit   .     A - +2 helmet
rElec  .         Dismiss  .     (no cloak)
rCorr  +         Reflect  .     (no gloves)
SustAt .         Harm     .     (no boots)
MR     .....                    (no amulet)
Stlth  +++.......               (no ring)
                                k - ring of resist corrosion

@: agile, flying (expiring), very slightly contaminated, hasted, very quick, not
resistant to hostile enchantments, fairly stealthy
A: change form in water, swift swim, frail 1, strong 1
a: no special abilities


You were on level 5 of the Dungeon.
You were hungry.

You visited 1 branch of the dungeon, and saw 5 of its levels.

You collected 186 gold pieces.

Inventory:

Hand Weapons
 e - a +0 short sword
 u - a +2 spear of flaming
 x - a -2 trident
 C - a +1 trident (weapon)
Armour
 a - a +2 robe (worn)
 A - a +2 helmet (worn)
Jewellery
 k - a ring of resist corrosion (left hand)
 D - an uncursed ring of protection from magic {unknown}
 E - a +6 ring of protection {unknown}
Wands
 B - a wand of teleportation (5/9)
Scrolls
 d - a scroll of enchant armour
 f - 6 scrolls of identify
 j - 4 scrolls of remove curse
 l - 2 scrolls of recharging
Potions
 g - 3 potions of degeneration
 i - a potion of heal wounds
 v - a potion of ambrosia
 w - 2 potions of flight
Books
 b - a book of Frost

   Spells                             Type                      Level
   a - Freeze                         Ice                          1
   b - Throw Frost                    Conjuration/Ice              2
   c - Ozocubu's Armour               Charms/Ice                   3
   d - Throw Icicle                   Conjuration/Ice              4
   e - Summon Ice Beast               Ice/Summoning                4
Comestibles
 c - 3 bread rations
 G - a meat ration


   Skills:
 + Level 0.0 Polearms
 - Level 5.1 Dodging
 - Level 2.1 Stealth
 - Level 3.3 Spellcasting
   Level 0.7 Conjurations
 - Level 2.3 Charms
 - Level 1.5 Summonings
 - Level 5.6 Ice Magic


You had 3 spell levels left.
You knew the following spells:

 Your Spells              Type           Power        Failure   Level  Hunger
a - Freeze                Ice            ###.         1%          1    None
d - Summon Ice Beast      Ice/Summ       ##......     45%         4    ####...
A - Ozocubu's Armour      Chrm/Ice       ###.....     12%         3    ###....


Dungeon Overview and Level Annotations

Branches:
Dungeon (5/15)             Temple (0/1) D:5

Altars:
Fedhas
Gozag
Nemelex Xobeh

Annotations:
D:3 TheGoonsmith's ghost, amateur DECj


Innate Abilities, Weirdness & Mutations

You revert to your normal form in water.
You are very nimble and swift while swimming.
You are frail. (-10% HP)
Your muscles are strong. (Str +2)


Message History

The shadow imp misses you.
Casting: Freeze
Confirm with . or Enter, or press ? or * to list all spells.
Aiming: Freeze
Press: ? - help, Shift-Dir - straight line, f/p - adder
Aim: an adder (black smoke, heavily wounded, slow, inner flame)
You freeze the adder.
The adder seems to slow down.
The adder is almost dead.
The adder closely misses you.
The shadow imp hits you but does no damage.
Casting: Freeze
Confirm with . or Enter, or press ? or * to list all spells.
Aiming: Freeze
Press: ? - help, Shift-Dir - straight line, f/p - adder
Aim: an adder (black smoke, almost dead, slow, inner flame)
You freeze the adder.
The adder explodes!
The fiery explosion engulfs you!
Ouch! That really hurt!
You die...

*,**,*###...,,,,,,,***
*,,,,,,...S#,,***,,*
***,,,,,....,,* *,,*
*,,***#oo#,#* *,,*
*,,* #oo#.# *,,* *..*
#..#.####.,*
*..####......)..,*
*......o.######..#
*..(###.oo5@§....#
*##.# #.########.# #.#
#.# *<* ###.###†# *,*
#.......# ****,*
#.#.##### *,,,,*
***,#.# *,**** #.,,#.#
*,* #.#*#.#********,**


You could see 2 orc priests, a shadow imp (inner flame) and an orc (inner
flame).

Vanquished Creatures
  A water moccasin (D:5)
  A crimson imp (D:4)
  A centaur skeleton (D:4)
  2 worker ants
  Robin (D:4)
  4 gnolls
  4 adders (D:4)
  3 oozes
  An adder zombie (D:5)
  4 worms
  3 giant geckos
  An orc (D:4)
  7 giant cockroaches
  19 goblins
  4 hobgoblins (D:2)
  11 jackals (D:3)
  12 kobolds
  A quokka (D:4)
  2 ball pythons
  4 bats
  2 giant newts
  2 rats
90 creatures vanquished.

Notes
Turn   | Place    | Note
--------------------------------------------------------------
     0 | D:1      | TheGoonsmith the Merfolk Ice Elementalist began the quest for the Orb.
     0 | D:1      | Reached XP level 1. HP: 13/13 MP: 3/3
   135 | D:1      | Reached XP level 2. HP: 19/19 MP: 0/5
   807 | D:2      | Reached XP level 3. HP: 22/24 MP: 4/6
   815 | D:2      | Learned a level 3 spell: Ozocubu's Armour
  1075 | D:2      | Found a faded altar of an unknown god.
  1288 | D:2      | Found a sparkling altar of Nemelex Xobeh.
  1535 | D:2      | Found an opulent altar of Gozag.
  2001 | D:3      | Reached XP level 4. HP: 30/30 MP: 0/8
  2552 | D:3      | Noticed TheGoonsmith's ghost (amateur DECj)
  2806 | D:3      | Reached XP level 5. HP: 35/35 MP: 7/9
  2998 | D:3      | Found an opulent altar of Gozag.
  3249 | D:4      | Found a blossoming altar of Fedhas.
  3345 | D:4      | Noticed Robin
  3549 | D:4      | Killed Robin
  3549 | D:4      | Reached skill level 1 in Charms
  3651 | D:4      | Reached skill level 5 in Ice Magic
  3784 | D:4      | Reached XP level 6. HP: 33/41 MP: 6/10
  4013 | D:4      | Learned a level 4 spell: Summon Ice Beast
  4230 | D:5      | Entered Level 5 of the Dungeon
  4301 | D:5      | Noticed a water moccasin
  4309 | D:5      | Killed a water moccasin
  4309 | D:5      | Reached skill level 5 in Dodging
  4309 | D:5      | Reached skill level 1 in Summonings
  4497 | D:5      | Gained mutation: You are dopey. (Int -2) [potion of mutation]
  4497 | D:5      | Lost mutation: You are dopey. (Int -2) [potion of mutation]
  4497 | D:5      | Gained mutation: You are frail. (-10% HP) [potion of mutation]
  4510 | D:5      | Gained mutation: Your muscles are strong. (Str +2) [potion of beneficial mutation]
  4529 | D:5      | Killed from afar by an adder

Vault maps used:
D:1:      onia_arrival_mini_maze
D:2:      nicolae_overflow_hidden_temple, first_bread, ecumenical_altar_2,
          nicolae_gozag_cash_rules_everything_around_me
D:3:      lemuel_crystal_altar
D:4:      fedhas_altar_2, saegor_snake_ambush, uniq_robin
D:5:      basic_altar

Skill      XL: |  1  2  3  4  5  6 |
---------------+-------------------+-----
Ice Magic      | 4 5 |  5.6
Dodging        | 3 4 5 |  5.1
Spellcasting   | 3 |  3.3
Charms         | 1 2 |  2.3
Summonings     | 1 |  1.5
Stealth        | |  2.1
Conjurations   | |  0.7

Action                   |  1- 3 |  4- 6 || total
-------------------------+-------+-------++-------
Melee: Short sword       |    18 |     5 ||    23
       Spear             |       |    60 ||    60
       Trident           |       |    42 ||    42
 Cast: Freeze            |    56 |    81 ||   137
       Ozocubu's Armour  |     3 |     7 ||    10
  Use: Scroll            |       |    13 ||    13
       Potion            |       |    12 ||    12
 Stab: Sleeping          |     1 |     6 ||     7
  Eat: Chunk             |     3 |    10 ||    13
Armor: Robe              |    20 |    60 ||    80
Dodge: Dodged            |    48 |   165 ||   213
